 Dungeon Crawl Stone Soup version 0.26.1-2-gb8aa6d0cf2 (webtiles) character file.

Game seed: 7519112289726253331

9122 hawla the Destroyer (level 11, -6/54 HPs)
             Began as a Deep Elf Conjurer on Feb 14, 2021.
             Was an Elder of Vehumet.
             Mangled by a death knight
             ... wielding a +0 glaive
              (28 damage)
             ... on level 10 of the Dungeon.
             The game lasted 00:35:35 (13684 turns).

hawla the Destroyer (Deep Elf Conjurer)            Turns: 13684, Time: 00:35:36

Health: -6/54      AC:  6    Str:  4    XL:     11   Next: 18%
Magic:  3/26       EV: 19    Int: 27    God:    Vehumet [****..]
Gold:   560        SH:  0    Dex: 13    Spells: 12/28 levels left

rFire    + + .     SeeInvis .   B - +1 quarterstaff
rCold    + + .     Faith    .   (shield currently unavailable)
rNeg     . . .     Spirit   .   t - +2 robe {rC+ rF+}
rPois    .         Reflect  .   (no helmet)
rElec    .         Harm     .   e - scarf {rC+ rF+}
rCorr    .         Rampage  .   x - +0 pair of gloves of Leaqor {+Blink}
Will     +....                  m - +0 pair of boots
Stlth    ++++......             (no amulet)
HPRegen  0.18/turn              u - ring of stealth
MPRegen  0.20/turn              n - +4 ring of evasion

@: brilliant, flying
A: no striking features
a: Renounce Religion, Evoke Blink


You were on level 10 of the Dungeon.
You worshipped Vehumet.
Vehumet was greatly pleased with you.
You visited 2 branches of the dungeon, and saw 12 of its levels.
You also visited: Sewer.

You collected 560 gold pieces.

Inventory:

Hand Weapons
 c - a +2 whip of venom
 f - a +2 vampiric whip
 B - a +1 quarterstaff (weapon)
Missiles
 h - 77 poisoned darts
Armour
 e - a scarf of resistance (worn)
 m - a +0 pair of boots (worn)
 t - a +2 robe of resistance (worn)
 x - the +0 pair of gloves of Leaqor (worn) {+Blink}
   (You found it on level 8 of the Dungeon)

   It lets you blink.
Jewellery
 n - a +4 ring of evasion (right hand)
 p - an uncursed ring of willpower
 r - an uncursed ring of positive energy
 u - a ring of stealth (left hand)
 F - a cursed ring of teleportation {unknown}
 I - an uncursed amulet of the acrobat
Wands
 a - a wand of acid (15)
 o - a wand of digging (8)
 q - a wand of disintegration (6)
 y - a wand of enslavement (18)
 A - a wand of paralysis (6)
 C - a wand of random effects (7)
Scrolls
 g - 3 scrolls of remove curse
 i - 2 scrolls of fear
 k - 3 scrolls of identify
 s - a scroll of enchant armour
 v - 2 scrolls of silence
 w - a scroll of blinking
 z - a scroll of teleportation
 E - a scroll of amnesia {unknown}
 G - a scroll of magic mapping
Potions
 b - 4 potions of heal wounds
 j - a potion of might
 l - a potion of curing
 D - a potion of brilliance
 H - a potion of lignification {unknown}
 J - a potion of mutation {unknown}


   Skills:
 - Level 0.1 Fighting
 + Level 5.2 Staves
 - Level 0.1 Throwing
 + Level 6.5 Dodging
 - Level 5.0 Stealth
 - Level 1.0 Shields
 + Level 9.1 Spellcasting
 * Level 11.2 Conjurations
 - Level 3.0 Translocations
 - Level 0.5 Transmutations
 * Level 10.4 Fire Magic
 - Level 0.5 Earth Magic
 - Level 1.0 Evocations


You had 12 spell levels left.
You knew the following spells:

 Your Spells              Type           Power        Failure   Level
a - Magic Dart            Conj           100%         1%          1
b - Searing Ray           Conj           100%         1%          2
c - Iskenderun's Mystic   Conj/Tloc      66%          1%          4
d - Passwall              Tmut/Erth      18%          6%          2
e - Stone Arrow           Conj/Erth      100%         1%          3
f - Sticky Flame          Conj/Fire      82%          1%          4

Your spell library contained the following spells:

 Spells                   Type           Power        Failure   Level
 Airstrike                Air            9%           13%         4
 Sandblast                Erth           44%          1%          1
 Dazzling Flash           Conj/Hex       100%         1%          3
 Fulminant Prism          Conj/Hex       29%          1%          4
 Lee's Rapid Deconstruct  Erth           11%          26%         5
 Petrify                  Tmut/Erth      22%          36%         4


Dungeon Overview and Level Annotations

Branches:
Dungeon (11/15)            Temple (1/1) D:5           Sewer (visited)
   Lair: D:8-11         Orc: D:9-12

Altars:
Ashenzari
Cheibriados
Dithmenos
Elyvilon
Fedhas
Gozag
Hepliaklqana
Kikubaaqudgha
Makhleb
Nemelex Xobeh
Okawaru
Qazlal
Ru
Sif Muna
Trog
Uskayaw
Vehumet
Wu Jian
Xom
Yredelemnul
Zin
The Shining One

Shops:
D:5 (

Annotations:
D:9 2 transporters, thiole's ghost, novice OpVM


Message History

The skeletal warrior is heavily damaged.
The skeletal warrior barely misses you.
Casting: Iskenderun's Mystic Blast (dangerous; 1% risk of failure)
Confirm with . or Enter, or press ? or * to list all spells.
Aiming: Searing Ray (safe; 1% risk of failure)
Press: ? - help, Shift-Dir - straight line, f/p - skeletal warrior
Aim: a skeletal warrior, wielding a +0 long sword (heavily damaged, 17% to evade)
You feel a surge of power!
The searing ray hits the skeletal warrior!
The skeletal warrior is severely damaged. (Press . to maintain the ray.)
The skeletal warrior barely misses you.
The searing ray hits the skeletal warrior!
The skeletal warrior is almost destroyed.
The searing ray misses the death knight.
The searing ray hits the skeletal warrior but does no damage.
The skeletal warrior is lightly damaged.
The death knight hits you from afar with a +0 glaive!!
Ouch! That really hurt!
You die...

.#...z............##
##...p......#####..#
##..<......##...##.#
###........#.#.#.#.#
# ##.........#.#...#
######..#.#.#.#.#
#.......##...##.#
#....>...#####..#
#..).[....zpz@.##
#.)......#######
###).......#
##.(........#
.([#........#
.###...######
###..### #..##
#.######


You could see a death knight and 2 skeletal warriors.

Vanquished Creatures
  A hydra (D:10)
  A two-headed ogre (D:10)
  An orc knight (D:10)
  Maurice (D:8)
  A freezing wraith (D:10)
  A troll (D:10)
  Prince Ribbit (D:7)
  A wyvern (D:9)
  3 yaks (D:10)
  Grum (D:8)
  A water moccasin (D:10)
  7 orc warriors
  A hornet zombie (D:8)
  2 ice beasts
  5 sky beasts
  3 phantoms
  5 ogres
  3 wolves (D:8)
  4 centaurs
  5 big kobolds
  5 bullfrogs
  A gnoll sergeant (D:8)
  A water moccasin skeleton (D:6)
  2 scorpions
  6 killer bees
  5 wights (D:9)
  A howler monkey (D:8)
  5 orc priests
  4 hounds
  A jelly (D:9)
  A gnoll shaman (D:6)
  4 bullfrog skeletons
  11 orc wizards
  A centaur skeleton (D:6)
  4 iguanas
  Ijyb (D:3)
  Terence (D:3)
  7 worker ants
  A hound zombie (D:6)
  8 gnolls
  A howler monkey skeleton (D:4)
  12 adders
  3 shadow imps
  A white imp (D:8)
  An ufetubus (D:7)
  2 oozes (D:3)
  3 worms
  2 dart slugs
  5 leopard geckos
  34 orcs
  8 giant cockroaches
  14 goblins
  8 hobgoblins
  10 jackals
  6 quokkas
  2 ball pythons (D:1)
  6 bats
  5 frilled lizards
  2 gnoll zombies (D:8)
  A jackal skeleton (D:5)
  27 kobolds
  A quokka zombie (D:9)
  12 rats
284 creatures vanquished.

Notes
Turn   | Place    | Note
-------+----------+-------------------------------------------
     0 | D:1      | hawla the Deep Elf Conjurer began the quest for the Orb.
     0 | D:1      | Reached XP level 1. HP: 10/10 MP: 6/6
   543 | D:1      | Reached XP level 2. HP: 15/15 MP: 5/8
   546 | D:1      | Learned a level 2 spell: Searing Ray
   725 | D:1      | Reached skill level 1 in Fire Magic
  1344 | D:2      | Reached XP level 3. HP: 19/19 MP: 8/10
  1958 | D:2      | Reached skill level 5 in Conjurations
  1958 | D:2      | Reached XP level 4. HP: 1/24 MP: 1/11
  2048 | D:2      | Learned a level 4 spell: Iskenderun's Mystic Blast
  2323 | D:3      | Noticed Terence
  2459 | D:3      | Reached skill level 1 in Staves
  2538 | D:3      | Killed Terence
  2622 | D:3      | Reached XP level 5. HP: 28/28 MP: 10/13
  2703 | D:3      | Found a burning altar of Makhleb.
  2774 | D:3      | Noticed Ijyb
  2783 | D:3      | Killed Ijyb
  2784 | D:3      | Reached skill level 1 in Translocations
  3630 | D:4      | Reached skill level 1 in Evocations
  3630 | D:4      | Reached XP level 6. HP: 15/32 MP: 1/14
  3977 | D:4      | Reached skill level 6 in Conjurations
  4265 | D:4      | Reached skill level 5 in Spellcasting
  4265 | D:4      | Reached XP level 7. HP: 36/36 MP: 9/16
  4413 | D:4      | Found a sparkling altar of Nemelex Xobeh.
  4583 | D:5      | Entered Level 5 of the Dungeon
  4583 | D:5      | Found a staircase to the Ecumenical Temple.
  4748 | Temple   | Entered the Ecumenical Temple
  5022 | Temple   | Became a worshipper of Vehumet
  5204 | D:5      | Reached skill level 7 in Conjurations
  5204 | D:5      | Reached skill level 5 in Fire Magic
  5446 | D:5      | Reached XP level 8. HP: 41/41 MP: 13/18
  5684 | D:5      | Found a sparkling altar of Nemelex Xobeh.
  5765 | D:5      | Found Yfuhiqir's Weapon Shop.
  6215 | D:6      | Found a glowing drain.
  6245 | Sewer    | Entered a sewer
  6250 | Sewer    | Reached * piety under Vehumet
  6250 | Sewer    | Offered knowledge of Freeze by Vehumet.
  6420 | Sewer    | Reached skill level 8 in Conjurations
  6518 | Sewer    | Found a glowing silver altar of Zin.
  6596 | D:6      | Reached skill level 1 in Shields
  7525 | D:6      | Found a blossoming altar of Fedhas.
  7529 | D:6      | Found a glowing golden altar of the Shining One.
  7530 | D:6      | Found a hazy altar of Hepliaklqana.
  7530 | D:6      | Found an ornate altar of the Wu Jian Council.
  7530 | D:6      | Found a sacrificial altar of Ru.
  7531 | D:6      | Found a snail-covered altar of Cheibriados.
  7535 | D:6      | Found a bloodstained altar of Trog.
  7536 | D:6      | Found a shimmering altar of Xom.
  7537 | D:6      | Found an iron altar of Okawaru.
  7752 | D:7      | Reached XP level 9. HP: 37/45 MP: 14/20
  8021 | D:7      | Found a stormy altar of Qazlal.
  8023 | D:7      | Noticed Prince Ribbit
  8030 | D:7      | Killed Prince Ribbit
  8030 | D:7      | Reached ** piety under Vehumet
  8032 | D:7      | Offered knowledge of Foxfire by Vehumet.
  8711 | D:8      | Noticed Maurice
  8758 | D:9      | Reached skill level 9 in Conjurations
  9113 | D:9      | Found a transporter.
  9114 | D:9      | Identified the +4 battleaxe "Rirer" {vorpal, *Drain Int+6
                  | Dex+5}
  9114 | D:9      | Noticed an orc knight
  9114 | D:9      | Identified the +6 dire flail of Dried Tears {antimagic,
                  | Dex+4}
  9114 | D:9      | Noticed a tengu warrior
  9115 | D:9      | Identified the cursed +8 giant spiked club of Accord
                  | {flame, *Rage rElec Str+3 Int+4}
  9115 | D:9      | Noticed a two-headed ogre
  9115 | D:9      | Noticed thiole's ghost (novice OpVM)
  9116 | D:9      | Noticed a moth of wrath
  9118 | D:9      | Found a bloodstained altar of Trog.
  9489 | D:9      | Offered knowledge of Static Discharge by Vehumet.
  9724 | D:8      | Killed Maurice
  9725 | D:8      | Reached skill level 5 in Stealth
  9725 | D:8      | Reached XP level 10. HP: 50/50 MP: 11/23
 10022 | D:8      | Noticed Grum
 10029 | D:8      | Reached *** piety under Vehumet
 10032 | D:8      | Killed Grum
 10033 | D:8      | Reached skill level 5 in Dodging
 10033 | D:8      | Reached skill level 10 in Conjurations
 10142 | D:8      | Got a pair of faintly glowing gloves
 10153 | D:8      | Identified the +0 pair of gloves of Leaqor {+Blink} (You
                  | found it on level 8 of the Dungeon)
 10799 | D:8      | Found a basalt altar of Yredelemnul.
 11260 | D:9      | Found a transporter.
 11267 | D:9      | Noticed a two-headed ogre
 11846 | D:9      | Learned a level 2 spell: Passwall
 12013 | D:9      | Learned a level 3 spell: Stone Arrow
 12057 | D:10     | Entered Level 10 of the Dungeon
 12163 | D:10     | Offered knowledge of Sticky Flame by Vehumet.
 12169 | D:10     | Learned a level 4 spell: Sticky Flame
 12678 | D:10     | Noticed a four-headed hydra
 12685 | D:10     | Noticed a two-headed ogre
 12687 | D:10     | Noticed an orc knight
 12689 | D:10     | Killed a four-headed hydra
 12690 | D:10     | Reached skill level 10 in Fire Magic
 12703 | D:10     | Killed a two-headed ogre
 12704 | D:10     | Reached skill level 5 in Staves
 12704 | D:10     | Reached skill level 11 in Conjurations
 12704 | D:10     | Reached XP level 11. HP: 21/54 MP: 2/26
 12898 | D:10     | Killed an orc knight
 13041 | D:10     | Reached **** piety under Vehumet
 13199 | D:10     | Offered knowledge of Airstrike by Vehumet.
 13321 | D:10     | Noticed a skeletal warrior
 13323 | D:10     | Noticed a death knight
 13325 | D:10     | Noticed a skeletal warrior
 13684 | D:10     | Mangled by a death knight

Illustrated notes

Levels and vault maps discovered:
D:1:      dpeg_arrival_circle_labyrinth_c, layout_basic, minivault_14
D:2:      layout_rooms
D:3:      layout_basic, nicolae_overflow_crystal_walls, roderic_serpentine_path,
          uniq_ijyb, uniq_terence
D:4:      layout_rooms, nemelex_altar_shiori, grunt_ministairs_10
D:5:      layout_loops_ring, minmay_temple_entry_drinking_statues, serial_shops,
          shop, nemelex_spade_bored_becter
D:6:      layout_basic, minitemple, cheibrodos_sewer_entry_bend
D:7:      layout_basic, nicolae_qazlal_style_of_elements, uniq_prince_ribbit1
D:8:      layout_basic, lemuel_zombie_altar_yredelemnul, uniq_maurice, uniq_grum
D:9:      layout_stronghold, gammafunk_ghost_wrathful_warriors, enter_bailey_3,
          chequers_serial_rivers_micro_b
D:10:     layout_rooms, minmay_checkerbox
D:11:     minmay_the_grid_octo_tiled_squarecenter [minmay_the_grid_octo_shrine,
          minmay_the_grid_octo_chip, minmay_the_grid_octo_concentric,
          minmay_the_grid_octo_empty,
          minmay_the_grid_square_5x5_megaprize_hollow,
          minmay_the_grid_square_5x5_sharp_hourglass,
          minmay_the_grid_square_5x5_z, minmay_the_grid_square_5x5_misaligned,
          minmay_the_grid_square_5x5_doubleslash], layout_rooms
Temple:   compressed_dpeg_triangle_lava_temple

Skill      XL: |  1  2  3  4  5  6  7  8  9 10 |
---------------+-------------------------------+-----
Fire Magic     | 1 2 3 4 5 6 8 10 | 10.4
Conjurations   | 5 6 7 8 9 11 | 11.2
Spellcasting   | 4 5 6 7 9 |  9.1
Staves         | 1 2 3 4 5 |  5.2
Translocations | 1 2 3 |  3.0
Evocations     | 1 |  1.0
Shields        | 1 |  1.0
Stealth        | 3 5 |  5.0
Dodging        | 4 6 |  6.5
Fighting       | |  0.1
Throwing       | |  0.1
Transmutations | |  0.5
Earth Magic    | |  0.5

Action                   |  1- 3 |  4- 6 |  7- 9 | 10-12 || total
-------------------------+-------+-------+-------+-------++-------
Melee: Whip              |       |     5 |    10 |       ||    15
       Quarterstaff      |       |       |    13 |    20 ||    33
 Cast: Magic Dart        |    36 |    29 |    43 |    28 ||   136
       Searing Ray       |    16 |    44 |    78 |    45 ||   183
       Iskenderun's Myst |       |     1 |    19 |    32 ||    52
       Stone Arrow       |       |       |       |    14 ||    14
       Sticky Flame      |       |       |       |     2 ||     2
 Abil: Evoke Blink       |       |       |       |     1 ||     1
Evoke: Wand              |       |       |     8 |     4 ||    12
  Use: Scroll            |     3 |     4 |    10 |     3 ||    20
       Potion            |       |     2 |     5 |     4 ||    11
Armor: Robe              |       |     5 |    28 |    14 ||    47
Dodge: Dodged            |    10 |    29 |    69 |    82 ||   190
